 Dungeon Crawl Stone Soup version 0.29.0-4-gdea44cf6ec (webtiles) character file.

Game seed: 10464622975100904799

61858 qw the Severer (level 15, -3/96 HPs)
             Began as a Gargoyle Fighter on Sept 3, 2022.
             Was a High Priest of Okawaru.
             Killed from afar by a wretched star (21 damage)
             ... with a lance of force
             ... on level 2 of the Abyss.
             The game lasted 00:13:44 (23458 turns).

qw the Severer (Gargoyle Fighter)                  Turns: 23458, Time: 00:13:45

Health: -3/96      AC: 42    Str: 37    XL:     15   Next: 4%
Magic:  21/22      EV: 11    Int:  5    God:    Okawaru [*****.]
Gold:   666        SH: 18    Dex:  9    Spells: 14/14 levels left

rFire   . . .      SeeInvis .   Y - +1 broad axe
rCold   . . .      Faith    .   m - +0 kite shield
rNeg    + . .      Spirit   .   p - +6 chain mail "Qonec" {rPois Str+4}
rPois   inf        Reflect  +   b - +1 helmet
rElec   +          Harm     .   k - +0 cloak
rCorr   .          Rampage  .   l - +2 pair of gloves
Will    +....      Rage     3%  (no boots)
Stlth   ..........              j - amulet of reflection
HPRegen 0.26/turn               c - +4 ring of protection
MPRegen 0.18/turn               t - +6 ring of strength

@: heroic, flying, unable to drink
A: sickness immunity, AC +11, big wings, negative energy resistance 1,
electricity resistance, torment resistance 1, petrification resistance, [berserk
1], [dopey 2], [inability to drink after injury 2]
a: Renounce Religion, Heroism, Finesse, Duel


You were on level 2 of the Abyss.
You worshipped Okawaru.
Okawaru was extremely pleased with you.
You visited 2 branches of the dungeon, and saw 19 of its levels.
You visited the Abyss 1 time.
You also visited: Sewer and Ossuary.

You collected 1176 gold pieces.
You spent 510 gold pieces at shops.


Innate Abilities, Weirdness & Mutations

You are immune to sickness and miasma.
Your stone body is resilient. (AC +11)
You are immune to poison.
Your large and strong wings let you fly.
You resist negative energy. (rN+)
You are resistant to electric shocks. (rElec)
You are resistant to unholy torment.
You are immune to petrification.
[You sometimes lose your temper in combat.]
[You are very dopey. (Int -4)]
[You sometimes lose the ability to drink potions when taking damage.]


   Skills:
 - Level 12.0(17.0) Fighting
 + Level 15.6(20.6) Axes
 - Level 5.0(10.0) Throwing
 - Level 9.0(14.0) Armour
 - Level 3.0(8.0) Dodging
 - Level 12.0(17.0) Shields
 - Level 10.0 Invocations


You had 14 spell levels left.
You didn't know any spells.
Your spell library was empty.

Inventory:

Hand Weapons
 i - a +2 morningstar
 n - the +8 whip of Juolukho {vorpal, Fragile rF++ rC+++ Str-3}
   (You found it on level 8 of the Dungeon)

   It inflicts extra damage upon your enemies.
   Str:       It affects your strength (-3).
   rF:        It greatly protects you from fire.
   rC:        It renders you almost immune to cold.
   Fragile:   It will be destroyed if unequipped.
 Y - a +1 broad axe (weapon)
Missiles
 s - 2 javelins (quivered)
Armour
 b - a +1 helmet (worn)
 k - a +0 cloak (worn)
 l - a +2 pair of gloves (worn)
 m - a +0 kite shield (worn)
 p - the +6 chain mail "Qonec" (worn) {rPois Str+4}
   (You found it on level 8 of the Dungeon)

   Str:       It affects your strength (+4).
   rPois:     It protects you from poison.
Jewellery
 c - a +4 ring of protection (left hand)
 j - an amulet of reflection (around neck)
 r - a ring of protection from fire
 t - a +6 ring of strength (right hand)
 u - the amulet of Edugid {RegenMP Fragile rCorr Str+8}
   (You found it on level 5 of the Lair of Beasts)

   [amulet of magic regeneration]

   It increases your rate of magic regeneration.
   Str:       It affects your strength (+8).
   rCorr:     It protects you from acid and corrosion.
   Fragile:   It will be destroyed if unequipped.
Scrolls
 a - 23 scrolls of identify
 h - 6 scrolls of teleportation
Potions
 d - 5 potions of might
 e - 5 potions of heal wounds
 f - 4 potions of mutation
 g - 2 potions of haste
 o - 4 potions of resistance
 q - 6 potions of curing

Dungeon Overview and Level Annotations

Branches:
Dungeon (14/15)            Temple (0/1) D:6            Lair (5/5) D:9
 Shoals (0/4) Lair:2        Snake (0/4) Lair:3        Slime (0/5) Lair:5
    Orc (0/2) D:12          Sewer (visited)         Ossuary (visited)
 Vaults: D:13-14

Altars:
Ashenzari
Elyvilon
Gozag
Hepliaklqana
Makhleb
Nemelex Xobeh
Okawaru
Ru
Uskayaw
Xom
Zin
Jiyva

Shops:
D:9 *   D:10 =

Portals:
Trove: D:13 (give 6 scrolls of fear)

Annotations:
Lair:2 3 runed translucent doors, qw's ghost, journeyman TrCA
Lair:3 3 runed translucent doors, qw's ghost, journeyman FoCA


Message History

23452 ||| Stepping ~*~*~tactically~*~*~ (hiding).
The cyan very ugly thing basks in the mutagenic energy from its kin and changes! x2
You see here a raiju corpse.
23453 ||| INVOKING Heroism.
You gain the combat prowess of a mighty hero.
A cyan very ugly thing comes into view.
The cyan ugly thing basks in the mutagenic energy from its kin and changes!
The smoke demon gestures at you. The ball of steam hits you.
You slice the smoke demon like a ripe choko!!!
You kill the smoke demon!
Okawaru accepts your kill.
You closely miss the green very ugly thing.
You are engulfed in a cloud of scalding steam.
You slice the cyan very ugly thing like a ripe choko!!!
The cyan very ugly thing is heavily wounded.
You closely miss the green very ugly thing.
You are engulfed in a cloud of scalding steam.
The green very ugly thing bites you but does no damage.
You closely miss the cyan very ugly thing.
The cyan very ugly thing is heavily wounded.
You slice the green very ugly thing!!
You hit the green very ugly thing but do no damage.
The cyan very ugly thing tentacle-slaps you!
You feel threatened and lose the ability to drink potions!
The cyan very ugly thing shocks you! You resist.
You block the green very ugly thing's attack.
The cyan ugly thing basks in the mutagenic energy from its kin and changes!
You block the green very ugly thing's attack.
A wretched star comes into view.
You slice the cyan very ugly thing!!
The cyan very ugly thing is severely wounded.
You slash the green very ugly thing! You slice the green very ugly thing!!
The cyan very ugly thing tentacle-slaps you!
The cyan very ugly thing shocks you! You resist.
The green very ugly thing basks in the mutagenic energy from its kin and changes!
The green very ugly thing bites you!
The wretched star glows turbulently.
The lance of force hits you!!
You die...

. Y ... # ..###
# ..#.. .. ..
#ยค..## . # .
#. ..*# .#. ##
# ...###...# .
##....#...# #
#@uX#...#. . .
##uu#...# # .
#.#..#..## .. #
. ..#..#u# u# .
. #..#u...Xu#
##
###.......###..
# . ##..##....
#. # #.#. .#...
## #.#. ...###


You could see a starcursed mass, 3 very ugly things, a wretched star and 2 ugly
things.

Vanquished Creatures
  Snorg (D:14)
  5 boulder beetles
  Erolcha (D:13)
  Harold (D:9)
  A hydra (Lair:4)
  4 catoblepae (Lair:5)
  12 death yaks
  2 thrashing horrors (Abyss:2)
  3 skeletal warriors (D:11)
  2 wretched stars (Abyss:2)
  2 sixfirhies (Abyss:2)
  3 oklob plants (Lair:1)
  3 manticores
  2 cyclopes
  Joseph (D:7)
  2 black mambas (Lair:1)
  2 smoke demons (Abyss:2)
  2 gargoyles
  2 large abominations (Abyss:2)
  9 cane toads
  6 komodo dragons
  2 torpor snails
  Psyche (D:8)
  A rime drake (shapeshifter) (D:13)
  A kobold demonologist (D:12)
  4 rime drakes
  2 polar bears
  A hornet (D:10)
  A queen bee (Lair:5)
  6 meliai
  3 trolls
  3 raiju (Abyss:2)
  A blink frog (Lair:1)
  4 dream sheep
  Sigmund (D:5)
  57 yaks
  5 water elementals (D:13)
  A shadow (D:10)
  6 wyverns
  A fire elemental (Lair:2)
  3 steam dragons (D:8)
  7 vampire mosquitoes
  Grum (D:8)
  A neqoxec (Abyss:2)
  Menkaure (D:7)
  A warg (D:12)
  6 nagas (Lair:3)
  11 water moccasins
  3 ice beasts (D:7)
  8 orc warriors
  4 sky beasts
  3 black bears
  2 ogres
  36 wolves
  22 centaurs
  A phantom (D:6)
  A kobold brigand (D:8)
  3 elf zombies (Ossuary)
  8 bullfrogs
  3 necrophages
  5 scorpions
  2 gnoll sergeants
  10 wights (D:8)
  33 killer bees
  4 electric eels
  5 howler monkeys
  A centaur zombie (Ossuary)
  3 hounds
  A quasit (Abyss:2)
  A human zombie (Ossuary)
  4 orc priests
  4 gnoll boudas
  3 jellies
  16 orc wizards
  4 iguanas
  2 mummies (Ossuary)
  6 river rats
  20 adders
  29 gnolls
  2 white imps (D:7)
  An ufetubus (D:5)
  An adder zombie (Ossuary)
  2 worms
  3 dart slugs
  46 orcs
  7 bats
  7 endoplasms
  7 giant cockroaches
  7 goblins
  14 hobgoblins
  A jackal (D:2)
  7 quokkas
  16 ball pythons
  6 frilled lizards
  2 goblin zombies (Ossuary)
  10 hobgoblin zombies (Ossuary)
  2 jackal zombies (Ossuary)
  10 kobolds
  9 kobold zombies (Ossuary)
  7 orc zombies (Ossuary)
  13 rats
625 creatures vanquished.

Vanquished Creatures (others)
  Nessos (D:12)
  An orc wizard (D:11)
  30 fungi
  32 plants
64 creatures vanquished.

Grand Total: 689 creatures vanquished

Notes
Turn   | Place    | Note
-------+----------+-------------------------------------------
     0 | D:1      | qw the Gargoyle Fighter began the quest for the Orb.
     0 | D:1      | Reached XP level 1. HP: 14/14 MP: 1/1
     0 | D:1      | 0 ||| qw: Version: 0.1-a-102-g441f92d
     0 | D:1      | 0 ||| qw: Game counter: 5281
     0 | D:1      | 0 ||| qw: Always use a shield: true
     0 | D:1      | 0 ||| qw: God list: Okawaru
     0 | D:1      | 0 ||| qw: Allow faded altars: false
     0 | D:1      | 0 ||| qw: Do Orc after D:15 true
     0 | D:1      | 0 ||| qw: Do second Lair branch before Depths: true
     0 | D:1      | 0 ||| qw: Lair rune preference: random
     0 | D:1      | 0 ||| qw: Plans: Normal
     0 | D:1      | 0 ||| PLANNING D:1-11
    52 | D:1      | Reached skill level 2 in Axes
   340 | D:1      | Reached XP level 2. HP: 19/19 MP: 2/2
   470 | D:1      | 470 ||| Stepping ~*~*~tactically~*~*~ (stealth).
   471 | D:1      | 471 ||| Stepping ~*~*~tactically~*~*~ (stealth).
   480 | D:1      | 480 ||| Stepping ~*~*~tactically~*~*~ (stealth).
   483 | D:1      | HP: 3/19 [frozen (5)]
  1020 | D:1      | Reached skill level 3 in Axes
  1280 | D:1      | Reached XP level 3. HP: 22/23 MP: 3/3
  1380 | D:1      | 1380 ||| UPGRADING to amulet of reflection.
  1385 | D:1      | 1385 ||| READING 2 scrolls labelled ETOSHR LUTS.
  1386 | D:1      | 1386 ||| READING scroll labelled TUYPPU JAIRI.
  1387 | D:1      | 1387 ||| DRINKING 3 bubbling orange potions.
  1660 | D:2      | 1660 ||| Stepping ~*~*~tactically~*~*~ (stealth).
  1718 | D:2      | Reached XP level 4. HP: 27/28 MP: 4/4
  1804 | D:2      | Reached skill level 4 in Axes
  1818 | D:2      | 1818 ||| Stepping ~*~*~tactically~*~*~ (stealth).
  2478 | D:2      | 2478 ||| Stepping ~*~*~tactically~*~*~ (hiding).
  2522 | D:2      | 2522 ||| UPGRADING to +0 pair of gloves.
  2527 | D:2      | 2527 ||| READING scroll labelled MOEBBA CYEPRULUNG.
  2527 | D:2      | Identified a scroll of acquirement
  2527 | D:2      | 2527 ||| ACQUIRING +3 buckler of Impatience {Stlth+}
  2527 | D:2      | Acquired the +3 buckler of Impatience {Stlth+}
  2529 | D:2      | 2529 ||| UPGRADING to +3 buckler of Impatience {Stlth+}.
  2539 | D:2      | 2539 ||| DROPPING +0 buckler.
  2540 | D:2      | 2540 ||| READING scroll labelled DEUFFA OHEJE.
  2545 | D:2      | 2545 ||| READING scroll labelled XIUGITUCWA.
  2546 | D:2      | 2546 ||| READING scroll labelled FODA MUINUYRPH.
  2547 | D:2      | 2547 ||| DRINKING 2 sedimented amethyst potions.
  2548 | D:2      | 2548 ||| READING 2 scrolls of identify.
  2548 | D:2      | 2548 ||| IDENTIFYING fizzy coppery potion
  2549 | D:2      | 2549 ||| DROPPING potion of lignification.
  2849 | D:3      | Reached XP level 5. HP: 32/32 MP: 5/5
  2862 | D:3      | Reached skill level 1 in Throwing
  2896 | D:3      | 2896 ||| DROPPING +0 club.
  2953 | D:3      | 2953 ||| Stepping ~*~*~tactically~*~*~ (stealth).
  2954 | D:3      | 2954 ||| Stepping ~*~*~tactically~*~*~ (stealth).
  3392 | D:3      | Reached skill level 5 in Axes
  3468 | D:3      | 3468 ||| DROPPING +0 whip.
  3648 | D:3      | 3648 ||| DRINKING 2 cyan potions.
  3649 | D:3      | 3649 ||| READING 2 scrolls of identify.
  3649 | D:3      | 3649 ||| IDENTIFYING golden potion
  3650 | D:3      | 3650 ||| DROPPING potion of attraction.
  3665 | D:4      | 3665 ||| PLANNING SEWER
  3766 | D:4      | Found a white marble altar of Elyvilon.
  3796 | D:4      | Reached XP level 6. HP: 32/38 MP: 6/6
  3801 | D:4      | 3801 ||| FLEEEEING.
  3802 | D:4      | 3802 ||| FLEEEEING.
  3803 | D:4      | 3803 ||| FLEEEEING.
  3804 | D:4      | 3804 ||| FLEEEEING.
  3805 | D:4      | 3805 ||| FLEEEEING.
  3861 | D:4      | Found an iron altar of Okawaru.
  3869 | D:4      | Reached skill level 1 in Dodging
  3966 | D:4      | Became a worshipper of Warmaster Okawaru
  4055 | D:4      | 4055 ||| Stepping ~*~*~tactically~*~*~ (stealth).
  4064 | D:4      | 4064 ||| Stepping ~*~*~tactically~*~*~ (stealth).
  4066 | D:4      | Reached XP level 7. HP: 43/43 MP: 7/7
  4072 | D:4      | Found a glowing drain.
  4073 | D:4      | 4073 ||| UPGRADING to +0 cloak.
  4078 | D:4      | 4078 ||| READING scroll labelled DUNENI ATURUS.
  4085 | Sewer    | Entered a sewer
  4175 | Sewer    | 4175 ||| Stepping ~*~*~tactically~*~*~ (stealth).
  4177 | Sewer    | 4177 ||| Stepping ~*~*~tactically~*~*~ (stealth).
  4178 | Sewer    | 4178 ||| Stepping ~*~*~tactically~*~*~ (stealth).
  4182 | Sewer    | Reached skill level 6 in Axes
  4319 | Sewer    | 4319 ||| Stepping ~*~*~tactically~*~*~ (water).
  4378 | Sewer    | 4378 ||| READING scroll labelled BUGOTZ HIN VAQ.
  4379 | Sewer    | 4379 ||| DRINKING 2 fuming emerald potions.
  4483 | Sewer    | 4483 ||| DROPPING potion of berserk rage.
  4531 | D:4      | 4531 ||| PLANNING D:1-11
  4608 | D:4      | 4608 ||| Stepping ~*~*~tactically~*~*~ (hiding).
  4718 | D:4      | Reached * piety under Okawaru
  4802 | D:4      | Reached skill level 1 in Invocations
  4933 | D:4      | 4933 ||| INVOKING Heroism.
  4935 | D:4      | 4935 ||| Stepping ~*~*~tactically~*~*~ (hiding).
  4993 | D:4      | Reached skill level 7 in Axes
  4993 | D:4      | Reached skill level 3 in Invocations
  4993 | D:4      | Reached XP level 8. HP: 48/48 MP: 10/10
  4994 | D:4      | Found a hide-covered altar of Uskayaw.
  5351 | D:4      | 5351 ||| DRINKING 3 purple potions.
  5388 | D:5      | Entered Level 5 of the Dungeon
  5416 | D:5      | 5416 ||| INVOKING Heroism.
  5437 | D:5      | 5437 ||| INVOKING Heroism.
  5451 | D:5      | 5451 ||| Stepping ~*~*~tactically~*~*~ (stealth).
  5452 | D:5      | 5452 ||| INVOKING Heroism.
  5470 | D:5      | 5470 ||| Stepping ~*~*~tactically~*~*~ (stealth).
  5492 | D:5      | 5492 ||| FLEEEEING.
  5493 | D:5      | 5493 ||| FLEEEEING.
  5494 | D:5      | 5494 ||| FLEEEEING.
  5495 | D:5      | 5495 ||| FLEEEEING.
  5496 | D:5      | 5496 ||| FLEEEEING.
  5497 | D:5      | 5497 ||| FLEEEEING.
  5499 | D:5      | 5499 ||| FLEEEEING.
  5500 | D:5      | 5500 ||| FLEEEEING.
  5502 | D:5      | 5502 ||| FLEEEEING.
  5503 | D:5      | 5503 ||| FLEEEEING.
  5504 | D:5      | 5504 ||| FLEEEEING.
  5505 | D:5      | 5505 ||| FLEEEEING.
  5506 | D:5      | 5506 ||| FLEEEEING.
  5507 | D:5      | 5507 ||| STAIRDANCE
  5617 | D:4      | 5617 ||| DRINKING 2 lumpy red potions.
  5619 | D:4      | 5619 ||| DROPPING potion of degeneration.
  5655 | D:5      | 5655 ||| Stepping ~*~*~tactically~*~*~ (stealth).
  5694 | D:5      | 5694 ||| INVOKING Heroism.
  5746 | D:5      | Noticed Sigmund
  5747 | D:5      | 5747 ||| INVOKING Heroism.
  5755 | D:5      | Killed Sigmund
  5755 | D:5      | Reached ** piety under Okawaru
  5756 | D:5      | Reached skill level 8 in Axes
  5965 | D:5      | 5965 ||| Stepping ~*~*~tactically~*~*~ (stealth).
  6207 | D:5      | 6207 ||| READING 3 scrolls labelled TEIVUR JEUMIEST.
  6208 | D:5      | 6208 ||| READING 2 scrolls of enchant armour.
  6208 | D:5      | 6208 ||| ENCHANTING +0 pair of gloves.
  6209 | D:5      | 6209 ||| READING scroll of enchant armour.
  6209 | D:5      | 6209 ||| ENCHANTING +1 pair of gloves.
  6210 | D:5      | 6210 ||| DRINKING 2 sedimented inky potions.
  6211 | D:5      | 6211 ||| DROPPING potion of flight.
  6217 | D:6      | 6217 ||| PLANNING OSSUARY
  6217 | D:6      | 6217 ||| INVOKING Heroism.
  6297 | D:6      | Found a sand-covered staircase.
  6298 | D:6      | 6298 ||| READING 2 scrolls of identify.
  6298 | D:6      | 6298 ||| IDENTIFYING pink potion
  6299 | D:6      | 6299 ||| DROPPING potion of ambrosia.
  6304 | Ossuary  | Entered an ossuary
  6311 | Ossuary  | 6311 ||| INVOKING Heroism.
  6340 | Ossuary  | 6340 ||| INVOKING Heroism.
  6415 | Ossuary  | 6415 ||| Stepping ~*~*~tactically~*~*~ (stealth).
  6417 | Ossuary  | 6417 ||| Stepping ~*~*~tactically~*~*~ (stealth).
  6428 | Ossuary  | 6428 ||| Stepping ~*~*~tactically~*~*~ (stealth).
  6477 | Ossuary  | 6477 ||| INVOKING Heroism.
  6482 | Ossuary  | Reached XP level 9. HP: 55/55 MP: 9/12
  6490 | Ossuary  | Reached skill level 6 in Fighting
  6504 | Ossuary  | 6504 ||| INVOKING Heroism.
  6643 | Ossuary  | 6643 ||| DRINKING 3 bubbling golden potions.
  6644 | Ossuary  | 6644 ||| DROPPING 2 potions of brilliance.
  6656 | D:6      | 6656 ||| PLANNING D:1-11
  6757 | D:6      | Found a sacrificial altar of Ru.
  6785 | D:6      | 6785 ||| Stepping ~*~*~tactically~*~*~ (hiding).
  6786 | D:6      | 6786 ||| Stepping ~*~*~tactically~*~*~ (hiding).
  6789 | D:6      | 6789 ||| Stepping ~*~*~tactically~*~*~ (hiding).
  6835 | D:6      | Reached skill level 9 in Axes
  6989 | D:6      | 6989 ||| INVOKING Heroism.
  7011 | D:6      | 7011 ||| INVOKING Heroism.
  7233 | D:6      | 7233 ||| INVOKING Heroism.
  7298 | D:6      | Found a staircase to the Ecumenical Temple.
  7376 | D:6      | 7376 ||| UPGRADING to +0 plate armour.
  7386 | D:6      | 7386 ||| DROPPING +0 scale mail.
  7387 | D:6      | 7387 ||| READING 3 scrolls labelled KURUST FUNI.
  7388 | D:6      | 7388 ||| DROPPING 2 scrolls of immolation.
  7419 | D:7      | 7419 ||| INVOKING Heroism.
  7444 | D:7      | Reached *** piety under Okawaru
  7445 | D:7      | Reached skill level 6 in Armour
  7517 | D:7      | 7517 ||| INVOKING Heroism.
  7538 | D:7      | Reached XP level 10. HP: 55/63 MP: 13/13
  7610 | D:7      | 7610 ||| Stepping ~*~*~tactically~*~*~ (stealth).
  7621 | D:7      | 7621 ||| Stepping ~*~*~tactically~*~*~ (stealth).
  7623 | D:7      | 7623 ||| Stepping ~*~*~tactically~*~*~ (stealth).
  7624 | D:7      | 7624 ||| INVOKING Heroism.
  7686 | D:7      | 7686 ||| INVOKING Heroism.
  7696 | D:7      | Reached skill level 10 in Axes
  7762 | D:7      | 7762 ||| Stepping ~*~*~tactically~*~*~ (hiding).
  7764 | D:7      | 7764 ||| Stepping ~*~*~tactically~*~*~ (hiding).
  7771 | D:7      | 7771 ||| Stepping ~*~*~tactically~*~*~ (stealth).
  7773 | D:7      | 7773 ||| STAIRDANCE
  7822 | D:7      | 7822 ||| Stepping ~*~*~tactically~*~*~ (stealth).
  7823 | D:7      | 7823 ||| Stepping ~*~*~tactically~*~*~ (stealth).
  7962 | D:7      | 7962 ||| Stepping ~*~*~tactically~*~*~ (stealth).
  8106 | D:7      | Received a gift from Okawaru
  8289 | D:7      | Noticed Joseph
  8290 | D:7      | 8290 ||| Stepping ~*~*~tactically~*~*~ (hiding).
  8311 | D:7      | Killed Joseph
  8451 | D:7      | Noticed Menkaure
  8452 | D:7      | 8452 ||| INVOKING Heroism.
  8461 | D:7      | Killed Menkaure
  8469 | D:7      | 8469 ||| UPGRADING to +0 helmet.
  8517 | D:8      | 8517 ||| INVOKING Heroism.
  8543 | D:8      | 8543 ||| INVOKING Heroism.
  8699 | D:8      | Noticed Psyche
  8700 | D:8      | 8700 ||| INVOKING Heroism.
  8706 | D:8      | Killed Psyche
  8742 | D:8      | 8742 ||| INVOKING Heroism.
  8746 | D:8      | Reached skill level 3 in Throwing
  8746 | D:8      | 8746 ||| Stepping ~*~*~tactically~*~*~ (hiding).
  8753 | D:8      | Reached **** piety under Okawaru
  8764 | D:8      | Noticed Grum
  8768 | D:8      | 8768 ||| Stepping ~*~*~tactically~*~*~ (hiding).
  8772 | D:8      | 8772 ||| INVOKING Heroism.
  8789 | D:8      | Killed Grum
  8796 | D:8      | 8796 ||| FLEEEEING.
  8797 | D:8      | 8797 ||| FLEEEEING.
  8798 | D:8      | 8798 ||| FLEEEEING.
  8799 | D:8      | 8799 ||| FLEEEEING.
  8800 | D:8      | 8800 ||| FLEEEEING.
  8801 | D:8      | 8801 ||| FLEEEEING.
  8802 | D:8      | 8802 ||| FLEEEEING.
  8803 | D:8      | 8803 ||| FLEEEEING.
  8804 | D:8      | 8804 ||| FLEEEEING.
  8805 | D:8      | 8805 ||| FLEEEEING.
  8806 | D:8      | 8806 ||| FLEEEEING.
  8807 | D:8      | 8807 ||| FLEEEEING.
  8808 | D:8      | 8808 ||| FLEEEEING.
  8809 | D:8      | 8809 ||| FLEEEEING.
  8810 | D:8      | 8810 ||| FLEEEEING.
  8811 | D:8      | 8811 ||| FLEEEEING.
  8812 | D:8      | 8812 ||| FLEEEEING.
  8813 | D:8      | 8813 ||| FLEEEEING.
  8814 | D:8      | 8814 ||| FLEEEEING.
  8815 | D:8      | 8815 ||| FLEEEEING.
  8816 | D:8      | 8816 ||| FLEEEEING.
  8817 | D:8      | 8817 ||| FLEEEEING.
  8818 | D:8      | 8818 ||| FLEEEEING.
  8819 | D:8      | 8819 ||| FLEEEEING.
  8820 | D:8      | 8820 ||| FLEEEEING.
  8821 | D:8      | 8821 ||| FLEEEEING.
  8822 | D:8      | 8822 ||| FLEEEEING.
  8823 | D:8      | 8823 ||| FLEEEEING.
  8824 | D:8      | 8824 ||| FLEEEEING.
  8825 | D:8      | 8825 ||| FLEEEEING.
  8826 | D:8      | 8826 ||| FLEEEEING.
  8827 | D:8      | 8827 ||| FLEEEEING.
  8828 | D:8      | 8828 ||| FLEEEEING.
  8829 | D:8      | 8829 ||| FLEEEEING.
  8830 | D:8      | 8830 ||| FLEEEEING.
  8831 | D:8      | 8831 ||| FLEEEEING.
  8832 | D:8      | 8832 ||| FLEEEEING.
  8833 | D:8      | 8833 ||| FLEEEEING.
  8834 | D:8      | 8834 ||| FLEEEEING.
  8835 | D:8      | 8835 ||| FLEEEEING.
  8836 | D:8      | 8836 ||| FLEEEEING.
  8837 | D:8      | 8837 ||| FLEEEEING.
  8838 | D:8      | 8838 ||| FLEEEEING.
  8839 | D:8      | 8839 ||| STAIRDANCE
  9010 | D:8      | 9010 ||| Stepping ~*~*~tactically~*~*~ (stealth).
  9014 | D:8      | 9014 ||| Stepping ~*~*~tactically~*~*~ (hiding).
  9015 | D:8      | 9015 ||| Stepping ~*~*~tactically~*~*~ (hiding).
  9018 | D:8      | 9018 ||| Stepping ~*~*~tactically~*~*~ (hiding).
  9020 | D:8      | 9020 ||| INVOKING Heroism.
  9143 | D:8      | 9143 ||| Stepping ~*~*~tactically~*~*~ (hiding).
  9221 | D:8      | 9221 ||| INVOKING Heroism.
  9253 | D:8      | 9253 ||| INVOKING Heroism.
  9281 | D:8      | 9281 ||| DROPPING +0 flail.
  9295 | D:8      | Found a shimmering altar of Xom.
  9296 | D:8      | Found a hazy altar of Hepliaklqana.
  9297 | D:8      | Noticed a spectral ugly thing
  9333 | D:8      | 9333 ||| Stepping ~*~*~tactically~*~*~ (hiding).
  9334 | D:8      | 9334 ||| Stepping ~*~*~tactically~*~*~ (hiding).
  9344 | D:8      | Reached XP level 11. HP: 69/69 MP: 15/15
  9346 | D:8      | 9346 ||| INVOKING Heroism.
  9351 | D:8      | 9351 ||| Stepping ~*~*~tactically~*~*~ (stealth).
  9367 | D:8      | Reached skill level 6 in Invocations
  9370 | D:8      | 9370 ||| Stepping ~*~*~tactically~*~*~ (stealth).
  9371 | D:8      | 9371 ||| Stepping ~*~*~tactically~*~*~ (stealth).
  9403 | D:8      | 9403 ||| READING scroll labelled HYLOIR MEOH.
  9433 | D:8      | 9433 ||| READING 5 scrolls of teleportation.
  9458 | D:8      | Found a burning altar of Makhleb.
  9465 | D:8      | Identified the +8 whip of Juolukho {vorpal, Fragile rF++
                  | rC+++ Str-3}
  9564 | D:8      | Identified the +6 chain mail "Qonec" {rPois Str+4}
  9566 | D:8      | 9566 ||| INVOKING Heroism.
  9569 | D:8      | 9569 ||| Stepping ~*~*~tactically~*~*~ (cloud).
  9730 | D:8      | 9730 ||| Stepping ~*~*~tactically~*~*~ (hiding).
  9734 | D:8      | 9734 ||| Stepping ~*~*~tactically~*~*~ (stealth).
  9735 | D:8      | 9735 ||| INVOKING Heroism.
  9739 | D:8      | 9739 ||| Stepping randomly (cloudy).
 10191 | D:8      | Found a glowing silver altar of Zin.
 10192 | D:8      | Found an opulent altar of Gozag.
 10280 | D:8      | 10280 ||| UPGRADING to +6 chain mail "Qonec" {rPois Str+4}.
 10290 | D:8      | 10290 ||| DROPPING +0 plate armour.
 10325 | D:9      | Noticed a death yak
 10325 | D:9      | Noticed a death yak
 10326 | D:9      | 10326 ||| INVOKING Heroism.
 10328 | D:9      | Found a staircase to the Lair.
 10328 | D:9      | Noticed a death yak
 10336 | D:9      | Killed a death yak
 10336 | D:9      | Received a gift from Okawaru
 10343 | D:9      | Killed a death yak
 10343 | D:9      | Reached ***** piety under Okawaru
 10344 | D:9      | Reached skill level 11 in Axes
 10344 | D:9      | 10344 ||| INVOKING Finesse.
 10357 | D:9      | Killed a death yak
 10420 | D:9      | 10420 ||| Stepping ~*~*~tactically~*~*~ (stealth).
 10421 | D:9      | 10421 ||| Stepping ~*~*~tactically~*~*~ (stealth).
 10430 | D:9      | 10430 ||| INVOKING Heroism.
 10475 | D:9      | 10475 ||| FLEEEEING.
 10476 | D:9      | 10476 ||| FLEEEEING.
 10477 | D:9      | 10477 ||| FLEEEEING.
 10478 | D:9      | 10478 ||| FLEEEEING.
 10479 | D:9      | 10479 ||| FLEEEEING.
 10480 | D:9      | 10480 ||| STAIRDANCE
 10620 | D:9      | 10620 ||| Stepping ~*~*~tactically~*~*~ (stealth).
 10634 | D:9      | Found a broken altar of Ashenzari.
 10685 | D:9      | 10685 ||| INVOKING Heroism.
 10713 | D:9      | Received a gift from Okawaru
 10718 | D:9      | Reached skill level 9 in Fighting
 10727 | D:9      | 10727 ||| SWAPPING to +2 vorpal war axe.
 10728 | D:9      | 10728 ||| DROPPING +0 war axe.
 10799 | D:9      | 10799 ||| Stepping ~*~*~tactically~*~*~ (hiding).
 10860 | D:9      | 10860 ||| Stepping ~*~*~tactically~*~*~ (hiding).
 10863 | D:9      | 10863 ||| INVOKING Heroism.
 10872 | D:9      | 10872 ||| Stepping ~*~*~tactically~*~*~ (stealth).
 10874 | D:9      | 10874 ||| Stepping ~*~*~tactically~*~*~ (stealth).
 10941 | D:9      | 10941 ||| Stepping ~*~*~tactically~*~*~ (hiding).
 10966 | D:9      | Found Lawemot's Assorted Antiques.
 10971 | D:9      | 10971 ||| BUYING scroll labelled NAIGUB PIECY (26 gold).
 10971 | D:9      | Bought a scroll labelled NAIGUB PIECY for 26 gold pieces
 10971 | D:9      | 10971 ||| BUYING scroll of identify (52 gold).
 10971 | D:9      | Bought a scroll of identify for 52 gold pieces
 11028 | D:9      | 11028 ||| INVOKING Heroism.
 11190 | D:9      | Noticed Harold
 11191 | D:9      | 11191 ||| Stepping ~*~*~tactically~*~*~ (stealth).
 11193 | D:9      | 11193 ||| INVOKING Heroism.
 11199 | D:9      | Killed Harold
 11495 | D:9      | 11495 ||| PLANNING LAIR
 11495 | D:9      | 11495 ||| READING 2 scrolls labelled CAHEDE SATTEUR.
 11496 | D:9      | 11496 ||| READING scroll labelled NAIGUB PIECY.
 11497 | D:9      | 11497 ||| DROPPING scroll of fog.
 11512 | Lair:1   | Entered Level 1 of the Lair of Beasts
 11530 | Lair:1   | Noticed an oklob plant
 11531 | Lair:1   | 11531 ||| INVOKING Heroism.
 11532 | Lair:1   | 11532 ||| INVOKING Finesse.
 11543 | Lair:1   | Noticed an oklob plant
 11543 | Lair:1   | Noticed an oklob plant
 11553 | Lair:1   | Killed an oklob plant
 11554 | Lair:1   | Reached skill level 9 in Invocations
 11559 | Lair:1   | 11559 ||| INVOKING Heroism.
 11563 | Lair:1   | Killed an oklob plant
 11573 | Lair:1   | Killed an oklob plant
 11588 | Lair:1   | 11588 ||| Stepping ~*~*~tactically~*~*~ (stealth).
 11760 | Lair:1   | 11760 ||| INVOKING Heroism.
 11870 | Lair:1   | 11870 ||| INVOKING Heroism.
 11876 | Lair:1   | Reached XP level 12. HP: 71/76 MP: 16/19
 11889 | Lair:1   | Reached skill level 12 in Axes
 11906 | Lair:1   | Reached skill level 6 in Shields
 11918 | Lair:1   | 11918 ||| INVOKING Heroism.
 11920 | Lair:1   | 11920 ||| Stepping ~*~*~tactically~*~*~ (stealth).
 12122 | Lair:1   | 12122 ||| INVOKING Heroism.
 12184 | Lair:1   | Received a gift from Okawaru
 12192 | Lair:1   | 12192 ||| Stepping ~*~*~tactically~*~*~ (stealth).
 12194 | Lair:1   | 12194 ||| Stepping ~*~*~tactically~*~*~ (stealth).
 12542 | Lair:1   | 12542 ||| DROPPING amulet of faith.
 12543 | Lair:1   | 12543 ||| UPGRADING to ring of resist corrosion.
 12589 | Lair:2   | 12589 ||| INVOKING Heroism.
 12592 | Lair:2   | 12592 ||| STAIRDANCE
 12620 | Lair:2   | Noticed a death yak
 12621 | Lair:2   | 12621 ||| STAIRDANCE
 12623 | Lair:1   | 12623 ||| INVOKING Heroism.
 12816 | Lair:2   | Noticed a death yak
 12817 | Lair:2   | 12817 ||| STAIRDANCE
 12819 | Lair:1   | 12819 ||| INVOKING Heroism.
 12820 | Lair:1   | 12820 ||| INVOKING Finesse.
 12827 | Lair:1   | Killed a death yak
 12868 | Lair:2   | Noticed a death yak
 12869 | Lair:2   | 12869 ||| STAIRDANCE
 12869 | Lair:2   | Noticed a death yak
 12907 | Lair:2   | 12907 ||| STAIRDANCE
 12909 | Lair:1   | 12909 ||| INVOKING Heroism.
 12910 | Lair:1   | 12910 ||| INVOKING Finesse.
 12920 | Lair:1   | Killed a death yak
 12921 | Lair:1   | Reached skill level 13 in Axes
 12927 | Lair:1   | Killed a death yak
 12966 | Lair:2   | 12966 ||| INVOKING Heroism.
 12967 | Lair:2   | 12967 ||| INVOKING Finesse.
 12977 | Lair:2   | Killed a death yak
 13018 | Lair:2   | Found a staircase to the Shoals.
 13067 | Lair:2   | 13067 ||| INVOKING Heroism.
 13130 | Lair:2   | 13130 ||| Stepping ~*~*~tactically~*~*~ (stealth).
 13261 | Lair:2   | 13261 ||| Stepping ~*~*~tactically~*~*~ (stealth).
 13264 | Lair:2   | 13264 ||| INVOKING Heroism.
 13276 | Lair:2   | Identified the +7 quarterstaff of the Scavenger {freeze,
                  | rCorr} (Okawaru gifted it to you on level 2 of the Lair of
                  | Beasts)
 13276 | Lair:2   | Received a gift from Okawaru
 13280 | Lair:2   | 13280 ||| INVOKING Heroism.
 13319 | Lair:2   | Found a runed translucent gate.
 13319 | Lair:2   | Found a runed translucent gate.
 13319 | Lair:2   | Found a runed translucent gate.
 13373 | Lair:2   | 13373 ||| INVOKING Heroism.
 13380 | Lair:2   | Reached XP level 13. HP: 78/82 MP: 17/20
 13662 | Lair:2   | You fall into a shaft and drop 2 floors!
 13671 | Lair:4   | 13671 ||| READING 2 scrolls labelled AJURUHATAW.
 13672 | Lair:4   | 13672 ||| DROPPING scroll of amnesia.
 13680 | Lair:3   | 13680 ||| INVOKING Heroism.
 13958 | Lair:2   | Found a viscous altar of Jiyva.
 13958 | Lair:2   | Noticed qw's ghost (journeyman TrCA)
 13958 | Lair:2   | Noticed a great orb of eyes
 14016 | Lair:2   | 14016 ||| READING 5 scrolls of teleportation.
 14097 | Lair:3   | 14097 ||| INVOKING Heroism.
 14123 | Lair:3   | Found a dark tunnel.
 14159 | Lair:3   | 14159 ||| Stepping ~*~*~tactically~*~*~ (stealth).
 14228 | Lair:3   | Found a runed translucent gate.
 14228 | Lair:3   | Found a runed translucent gate.
 14228 | Lair:3   | Found a runed translucent gate.
 14249 | Lair:3   | 14249 ||| INVOKING Heroism.
 14255 | Lair:3   | Reached skill level 14 in Axes
 14412 | Lair:3   | 14412 ||| Stepping ~*~*~tactically~*~*~ (hiding).
 14419 | Lair:3   | 14419 ||| Stepping ~*~*~tactically~*~*~ (hiding).
 14427 | Lair:3   | 14427 ||| INVOKING Heroism.
 14434 | Lair:3   | 14434 ||| Stepping ~*~*~tactically~*~*~ (hiding).
 14436 | Lair:3   | Found a staircase to the Snake Pit.
 14459 | Lair:3   | 14459 ||| Stepping ~*~*~tactically~*~*~ (hiding).
 14461 | Lair:3   | 14461 ||| Stepping ~*~*~tactically~*~*~ (hiding).
 14462 | Lair:3   | 14462 ||| Stepping ~*~*~tactically~*~*~ (hiding).
 14464 | Lair:3   | 14464 ||| Stepping ~*~*~tactically~*~*~ (hiding).
 14466 | Lair:3   | 14466 ||| Stepping ~*~*~tactically~*~*~ (hiding).
 14468 | Lair:3   | 14468 ||| Stepping ~*~*~tactically~*~*~ (hiding).
 14675 | Lair:3   | Noticed qw's ghost (journeyman FoCA)
 14960 | Lair:3   | 14960 ||| UPGRADING to +0 kite shield.
 14970 | Lair:3   | 14970 ||| DROPPING +3 buckler of Impatience {Stlth+}.
 14971 | Lair:3   | 14971 ||| READING scroll labelled HOATRA YLEROMP.
 15022 | Lair:4   | 15022 ||| Stepping ~*~*~tactically~*~*~ (stealth).
 15029 | Lair:4   | 15029 ||| INVOKING Heroism.
 15131 | Lair:4   | 15131 ||| Stepping ~*~*~tactically~*~*~ (stealth).
 15133 | Lair:4   | 15133 ||| INVOKING Heroism.
 15134 | Lair:4   | 15134 ||| INVOKING Finesse.
 15221 | Lair:4   | 15221 ||| INVOKING Heroism.
 15225 | Lair:4   | 15225 ||| SWAPPING to +2 morningstar.
 15231 | Lair:4   | 15231 ||| SWAPPING to +2 vorpal war axe.
 15255 | Lair:4   | 15255 ||| Stepping ~*~*~tactically~*~*~ (hiding).
 15350 | Lair:4   | 15350 ||| INVOKING Heroism.
 15351 | Lair:4   | 15351 ||| Stepping ~*~*~tactically~*~*~ (water).
 16146 | Lair:4   | 16146 ||| DROPPING ring of magical power.
 16147 | Lair:4   | 16147 ||| READING 12 scrolls of identify.
 16147 | Lair:4   | 16147 ||| IDENTIFYING fuming puce potion
 16187 | Lair:5   | Entered Level 5 of the Lair of Beasts
 16198 | Lair:5   | 16198 ||| FLEEEEING.
 16200 | Lair:5   | 16200 ||| FLEEEEING.
 16201 | Lair:5   | 16201 ||| FLEEEEING.
 16202 | Lair:5   | 16202 ||| FLEEEEING.
 16203 | Lair:5   | 16203 ||| FLEEEEING.
 16204 | Lair:5   | 16204 ||| FLEEEEING.
 16205 | Lair:5   | 16205 ||| FLEEEEING.
 16206 | Lair:5   | 16206 ||| STAIRDANCE
 16310 | Lair:5   | 16310 ||| STAIRDANCE
 16317 | Lair:5   | 16317 ||| STAIRDANCE
 16319 | Lair:4   | 16319 ||| INVOKING Heroism.
 16341 | Lair:5   | 16341 ||| STAIRDANCE
 16352 | Lair:5   | 16352 ||| INVOKING Heroism.
 16356 | Lair:5   | 16356 ||| INVOKING Finesse.
 16369 | Lair:5   | Reached skill level 9 in Shields
 16396 | Lair:5   | 16396 ||| Stepping ~*~*~tactically~*~*~ (stealth).
 16401 | Lair:5   | 16401 ||| Stepping ~*~*~tactically~*~*~ (stealth).
 16459 | Lair:5   | 16459 ||| INVOKING Heroism.
 16622 | Lair:5   | 16622 ||| Stepping ~*~*~tactically~*~*~ (stealth).
 16624 | Lair:5   | 16624 ||| INVOKING Heroism.
 16625 | Lair:5   | 16625 ||| Stepping ~*~*~tactically~*~*~ (hiding).
 16673 | Lair:5   | 16673 ||| INVOKING Heroism.
 16841 | Lair:5   | 16841 ||| SWAPPING to +0 broad axe.
 16842 | Lair:5   | 16842 ||| DROPPING +2 vorpal war axe.
 16853 | Lair:5   | 16853 ||| INVOKING Heroism.
 16854 | Lair:5   | 16854 ||| INVOKING Finesse.
 16855 | Lair:5   | 16855 ||| INVOKING Finesse.
 16870 | Lair:5   | 16870 ||| Stepping ~*~*~tactically~*~*~ (stealth).
 16890 | Lair:5   | Received a gift from Okawaru
 16917 | Lair:5   | 16917 ||| INVOKING Finesse.
 16997 | Lair:5   | 16997 ||| Stepping ~*~*~tactically~*~*~ (hiding).
 16999 | Lair:5   | 16999 ||| INVOKING Heroism.
 17079 | Lair:5   | 17079 ||| INVOKING Heroism.
 17131 | Lair:5   | 17131 ||| INVOKING Finesse.
 17142 | Lair:5   | Gained mutation: Your large and strong wings let you fly.
                  | [Gargoyle growth]
 17142 | Lair:5   | Reached XP level 14. HP: 90/90 MP: 16/21
 17180 | Lair:5   | Identified the amulet of Edugid {RegenMP Fragile rCorr
                  | Str+8}
 17279 | Lair:5   | Identified the +6 shortbow of Inconvenience {vorpal, Will+
                  | Str+4}
 17307 | Lair:5   | 17307 ||| INVOKING Heroism.
 17404 | Lair:5   | Reached skill level 9 in Armour
 17437 | Lair:5   | Found a staircase to the Slime Pits.
 17584 | Lair:5   | 17584 ||| Stepping ~*~*~tactically~*~*~ (stealth).
 17629 | Lair:5   | 17629 ||| Stepping ~*~*~tactically~*~*~ (stealth).
 17635 | Lair:5   | 17635 ||| INVOKING Heroism.
 17656 | Lair:5   | 17656 ||| Stepping ~*~*~tactically~*~*~ (stealth).
 17671 | Lair:5   | 17671 ||| Stepping ~*~*~tactically~*~*~ (stealth).
 17721 | Lair:5   | 17721 ||| READING scroll of enchant armour.
 17721 | Lair:5   | 17721 ||| ENCHANTING +0 helmet.
 17957 | Lair:5   | 17957 ||| PLANNING D:1-11
 17957 | Lair:5   | 17957 ||| UPGRADING to +6 ring of strength.
 18113 | D:10     | Entered Level 10 of the Dungeon
 18124 | D:10     | Found a sparkling altar of Nemelex Xobeh.
 18272 | D:10     | Found Yduosaniun's Jewellery Shop.
 18275 | D:10     | 18275 ||| BUYING +4 ring of protection (432 gold).
 18275 | D:10     | Bought a +4 ring of protection for 432 gold pieces
 18275 | D:10     | 18275 ||| SHOPLISTING ring of Byoxy {rF+ Will+ Str+2 SInv}
                  | (552 gold, have 386).
 18419 | D:10     | 18419 ||| Stepping ~*~*~tactically~*~*~ (stealth).
 18627 | D:10     | Received a gift from Okawaru
 18776 | D:10     | 18776 ||| Stepping ~*~*~tactically~*~*~ (hiding).
 19123 | D:10     | 19123 ||| UPGRADING to +4 ring of protection.
 19125 | D:10     | 19125 ||| DROPPING ring of resist corrosion.
 19126 | D:10     | 19126 ||| READING scroll labelled GUTAER PUZXO.
 19174 | D:11     | 19174 ||| INVOKING Heroism.
 19184 | D:11     | 19184 ||| INVOKING Finesse.
 19196 | D:11     | Reached skill level 3 in Dodging
 19204 | D:11     | Reached skill level 12 in Shields
 19588 | D:11     | 19588 ||| READING 7 scrolls of teleportation.
 19691 | D:11     | 19691 ||| READING 6 scrolls of teleportation.
 19861 | D:11     | You are sucked into a shaft and drop 3 floors!
 19864 | D:14     | 19864 ||| INVOKING Heroism.
 19865 | D:14     | 19865 ||| INVOKING Finesse.
 19883 | D:14     | Received a gift from Okawaru
 19922 | D:14     | Noticed Snorg
 19923 | D:14     | 19923 ||| INVOKING Heroism.
 19927 | D:14     | 19927 ||| INVOKING Finesse.
 19948 | D:14     | Killed Snorg
 20110 | D:13     | 20110 ||| Stepping ~*~*~tactically~*~*~ (stealth).
 20160 | D:12     | 20160 ||| INVOKING Heroism.
 20161 | D:12     | 20161 ||| INVOKING Finesse.
 20165 | D:12     | 20165 ||| Stepping ~*~*~tactically~*~*~ (hiding).
 20409 | D:11     | 20409 ||| Stepping ~*~*~tactically~*~*~ (hiding).
 20412 | D:11     | 20412 ||| INVOKING Heroism.
 20413 | D:11     | 20413 ||| Stepping ~*~*~tactically~*~*~ (stealth).
 20456 | D:11     | 20456 ||| PLANNING D
 20456 | D:11     | 20456 ||| READING 5 scrolls of teleportation.
 20661 | D:12     | 20661 ||| INVOKING Heroism.
 20814 | D:12     | 20814 ||| Stepping ~*~*~tactically~*~*~ (stealth).
 20816 | D:12     | 20816 ||| Stepping ~*~*~tactically~*~*~ (stealth).
 20818 | D:12     | 20818 ||| INVOKING Heroism.
 20840 | D:12     | Noticed Nessos
 20841 | D:12     | 20841 ||| Stepping ~*~*~tactically~*~*~ (stealth).
 20862 | D:12     | 20862 ||| INVOKING Finesse.
 20864 | D:12     | 20864 ||| INVOKING Heroism.
 20866 | D:12     | 20866 ||| Stepping ~*~*~tactically~*~*~ (hiding).
 20867 | D:12     | 20867 ||| Stepping ~*~*~tactically~*~*~ (hiding).
 20875 | D:12     | 20875 ||| Stepping ~*~*~tactically~*~*~ (hiding).
 20876 | D:12     | Killed Nessos
 21073 | D:12     | 21073 ||| Stepping ~*~*~tactically~*~*~ (stealth).
 21075 | D:12     | 21075 ||| INVOKING Heroism.
 21103 | D:12     | Reached skill level 15 in Axes
 21200 | D:12     | 21200 ||| INVOKING Heroism.
 21246 | D:12     | 21246 ||| INVOKING Heroism.
 21281 | D:12     | 21281 ||| Stepping ~*~*~tactically~*~*~ (stealth).
 21299 | D:12     | Found a staircase to the Orcish Mines.
 21307 | D:12     | 21307 ||| Stepping ~*~*~tactically~*~*~ (stealth).
 21359 | D:12     | 21359 ||| Stepping ~*~*~tactically~*~*~ (stealth).
 21512 | D:12     | 21512 ||| Stepping ~*~*~tactically~*~*~ (hiding).
 21515 | D:12     | 21515 ||| Stepping ~*~*~tactically~*~*~ (hiding).
 21518 | D:12     | 21518 ||| Stepping ~*~*~tactically~*~*~ (hiding).
 21524 | D:12     | 21524 ||| Stepping ~*~*~tactically~*~*~ (hiding).
 21760 | D:12     | 21760 ||| INVOKING Heroism.
 22007 | D:12     | 22007 ||| INVOKING Heroism.
 22066 | D:12     | 22066 ||| INVOKING Heroism.
 22121 | D:12     | Received a gift from Okawaru
 22125 | D:12     | 22125 ||| DROPPING +1 helmet.
 22173 | D:13     | 22173 ||| INVOKING Heroism.
 22176 | D:13     | Reached skill level 12 in Fighting
 22375 | D:13     | 22375 ||| INVOKING Heroism.
 22544 | D:13     | Found a portal to a secret trove of treasure.
 22606 | D:13     | 22606 ||| Stepping ~*~*~tactically~*~*~ (hiding).
 22716 | D:13     | Noticed Erolcha
 22717 | D:13     | 22717 ||| Stepping ~*~*~tactically~*~*~ (hiding).
 22719 | D:13     | 22719 ||| Stepping ~*~*~tactically~*~*~ (hiding).
 22720 | D:13     | 22720 ||| INVOKING Heroism.
 22728 | D:13     | 22728 ||| Stepping ~*~*~tactically~*~*~ (stealth).
 22743 | D:13     | Killed Erolcha
 22886 | D:13     | 22886 ||| Stepping ~*~*~tactically~*~*~ (stealth).
 22891 | D:13     | 22891 ||| Stepping ~*~*~tactically~*~*~ (hiding).
 22895 | D:13     | 22895 ||| Stepping ~*~*~tactically~*~*~ (stealth).
 23162 | Abyss:2  | Cast into level 2 of the Abyss (a wizard)
 23201 | Abyss:2  | Found a corrupted altar of Lugonu.
 23206 | Abyss:2  | Found a corrupted altar of Lugonu.
 23293 | Abyss:2  | 23293 ||| Stepping ~*~*~tactically~*~*~ (stealth).
 23333 | Abyss:2  | 23333 ||| Stepping ~*~*~tactically~*~*~ (stealth).
 23336 | Abyss:2  | 23336 ||| Stepping ~*~*~tactically~*~*~ (stealth).
 23337 | Abyss:2  | 23337 ||| Stepping ~*~*~tactically~*~*~ (stealth).
 23373 | Abyss:2  | 23373 ||| Stepping ~*~*~tactically~*~*~ (stealth).
 23405 | Abyss:2  | 23405 ||| Stepping ~*~*~tactically~*~*~ (stealth).
 23414 | Abyss:2  | 23414 ||| INVOKING Heroism.
 23425 | Abyss:2  | 23425 ||| Stepping ~*~*~tactically~*~*~ (stealth).
 23430 | Abyss:2  | 23430 ||| Stepping ~*~*~tactically~*~*~ (stealth).
 23439 | Abyss:2  | Reached XP level 15. HP: 66/96 MP: 22/22
 23444 | Abyss:2  | 23444 ||| Stepping ~*~*~tactically~*~*~ (stealth).
 23450 | Abyss:2  | 23450 ||| Stepping ~*~*~tactically~*~*~ (hiding).
 23452 | Abyss:2  | 23452 ||| Stepping ~*~*~tactically~*~*~ (hiding).
 23453 | Abyss:2  | 23453 ||| INVOKING Heroism.
 23458 | Abyss:2  | HP: 18/96 [green very ugly thing (8)]
 23458 | Abyss:2  | Killed from afar by a wretched star

Levels and vault maps discovered:
D:1:      dpeg_arrival_rhombus, layout_basic, chequers_serial_rivers_room_b
D:2:      minmay_skewed_foursquare, layout_loops_ring, minmay_quadrilaterals
D:3:      layout_basic, minmay_starry_boxes
D:4:      layout_loops_ring, nicolae_uskayaw_suspiria,
          mainiacjoe_overflow_catwalk, okawaru_gym_becter, portal_sewer_entry_b,
          kennysheep_opposing_triangles
D:5:      layout_loops_ring, uniq_sigmund
D:6:      layout_basic, nicolae_ru_path_of_blood,
          minmay_temple_entry_enclosed_plants,
          lightli_ossuary_entry_decrepit_ruins
D:7:      cheibrodos_helix_gallery, layout_loops_ring, uniq_menkaure,
          uniq_joseph
D:8:      minmay_clustersquares, layout_basic,
          grunt_temple_overflow_gold_and_silver, bloody_makhleb,
          regret_index_temple_of_mockery, grunt_ministairs_1, uniq_psyche,
          uniq_grum
D:9:      layout_loops_ring, mainiacjoe_overflow_chevrons, dpeg_lair_monsters,
          serial_shops, shop, fungi_pond_lemuel, uniq_harold
D:10:     layout_loops_corners, nemelex_spade_bored_becter, serial_shops, shop
D:11:     layout_roguey, lemuel_flamethrower_2
D:12:     layout_stronghold, david_orc_1_choice, uniq_nessos
D:13:     hellmonk_crumbling_castle, layout_basic,
          nicolae_trove_entry_free_sample, chequers_serial_rivers_micro_c,
          uniq_erolcha
D:14:     layout_long_grid, grunt_vaults_entry_tiered, bh_walls_and_bars,
          uniq_snorg
Lair:1:   minmay_lair_oklob_chamber, layout_regular_city,
          infiniplex_staircase_pool_2
Lair:2:   layout_gridlike, shoals_dummy_entry, gammafunk_ghost_ooze,
          evilmike_ambush [evilmike_ambush_outer_basic,
          evilmike_ambush_inner_basic], lemuel_fruit_tree
Lair:3:   layout_gridlike, minmay_snake_entry_guardpost_large,
          ebering_ghost_rock_garden, nicolae_volcano_entry_lava_flow
Lair:4:   layout_cave_pods, serial_bayou, serial_bayou_lake_a,
          serial_bayou_ford_a, serial_bayou_lagoon_b, serial_bayou_pond_e,
          serial_bayou_lagoon_a, serial_bayou_pond_d
Lair:5:   evilmike_catoblepas_cave, layout_hall_layers, slime_entry_1,
          special_room [special_room_bee], portal_ice_cave_entry_pillars_2
Abyss:2:  base: D:14, hangedman_abyss_monster_moat

Skill      XL: |  1  2  3  4  5  6  7  8  9 10 11 12 13 14 |
---------------+-------------------------------------------+-----
Axes           | 2 3 4 5 7 8 9 10 11 13 14 15 | 15.6
Throwing       | 1 2 3 5 |  5.0
Fighting       | 4 5 7 8 9 10 11 12 | 12.0
Dodging        | 1 2 3 |  3.0
Invocations    | 3 4 5 9 10 | 10.0
Shields        | 4 5 6 11 12 | 12.0
Armour         | 6 7 8 9 |  9.0

Action                   |  1- 3 |  4- 6 |  7- 9 | 10-12 | 13-15 || total
-------------------------+-------+-------+-------+-------+-------++-------
Melee: War axe           |   136 |   191 |   372 |   658 |   184 ||  1541
       Broad axe         |       |       |       |       |   590 ||   590
       Morningstar       |       |       |       |       |     3 ||     3
Throw: Javelin           |       |    27 |    50 |    45 |     5 ||   127
       Boomerang         |       |       |       |    23 |    42 ||    65
Invok: Heroism           |       |       |    16 |    35 |    37 ||    88
       Finesse           |       |       |       |     5 |    10 ||    15
  Use: Scroll            |     2 |     6 |     7 |     4 |     9 ||    28
       Potion            |     1 |     2 |     5 |       |       ||     8
 Stab: Petrified         |       |       |       |       |     2 ||     2
Armor: Scale mail        |    89 |    61 |   109 |       |       ||   259
       Plate armour      |       |       |    19 |   137 |       ||   156
       Chain mail        |       |       |       |   131 |   319 ||   450
Dodge: Dodged            |    58 |    67 |    79 |   144 |   163 ||   511
Block: Buckler           |    35 |    94 |   202 |   366 |    39 ||   736
       Reflection        |       |     2 |     3 |    15 |    33 ||    53
       Kite shield       |       |       |       |       |   539 ||   539

Table legend:
 A = Non-vault XP
 B = Vault XP
 C = Vault XP percentage of total XP
 D = Non-vault monster count
 E = Vault monster count
 F = Vault count percentage of total count
                 A         B        C        D         E       F
            +---------+---------+-------+---------+---------+-------
      Total |   61079 |   27290 |  30.9 |     440 |     186 |  29.7
            +---------+---------+-------+---------+---------+-------
        D:1 |      37 |       0 |   0.0 |      25 |       0 |   0.0
        D:2 |      92 |      22 |  19.3 |      25 |       6 |  19.4
        D:3 |      84 |      38 |  31.1 |      18 |       9 |  33.3
        D:4 |     773 |     114 |  12.9 |      29 |       8 |  21.6
        D:5 |     768 |     231 |  23.1 |      20 |       1 |   4.8
        D:6 |    1019 |       0 |   0.0 |      20 |       0 |   0.0
        D:7 |    2090 |     779 |  27.2 |      28 |       4 |  12.5
        D:8 |    1335 |    2723 |  67.1 |      22 |      21 |  48.8
        D:9 |    1799 |    3307 |  64.8 |      33 |       8 |  19.5
       D:10 |    1204 |       0 |   0.0 |       9 |       0 |   0.0
       D:11 |    4306 |       0 |   0.0 |      15 |       0 |   0.0
       D:12 |   10409 |    1232 |  10.6 |      62 |      10 |  13.9
       D:13 |    3581 |     865 |  19.5 |      17 |       1 |   5.6
       D:14 |    1360 |     956 |  41.3 |       2 |       1 |  33.3
     Lair:1 |    9906 |    2719 |  21.5 |      36 |       8 |  18.2
     Lair:2 |    4009 |       0 |   0.0 |      17 |       0 |   0.0
     Lair:3 |    3117 |     984 |  24.0 |      17 |       6 |  26.1
     Lair:4 |    4359 |     926 |  17.5 |      19 |       3 |  13.6
     Lair:5 |    3650 |   11850 |  76.5 |      10 |      46 |  82.1
    Abyss:2 |    7181 |       0 |   0.0 |      16 |       0 |   0.0
      Sewer |       0 |     101 | 100.0 |       0 |      16 | 100.0
    Ossuary |       0 |     443 | 100.0 |       0 |      38 | 100.0
            +---------+---------+-------+---------+---------+-------
